 Dungeon Crawl Stone Soup version 0.29-a0-321-gf1c400731a (webtiles) character file.

Game seed: 16857346941481713129

35 GigaChad the Skirmisher (level 3, -5/29 HPs)
             Began as a Mummy Cinder Acolyte on Apr 5, 2022.
             Was a High Priest of Ignis.
             Slain by Sigmund
             ... wielding a +0 scythe
              (8 damage)
             ... on level 3 of the Dungeon.
             The game lasted 00:06:08 (1832 turns).

GigaChad the Skirmisher (Mummy Cinder Acolyte)      Turns: 1832, Time: 00:06:09

Health: -5/29      AC:  8    Str: 17    XL:     3   Next: 16%
Magic:  5/5        EV:  7    Int: 13    God:    Ignis [*****.]
Gold:   68         SH:  0    Dex:  9    Spells: 4/4 levels left

rFire   . . .      SeeInvis .   a - +0 falchion (flame)
rCold   + . .      Faith    .   h - orb {light}
rNeg    + + +      Spirit   .   i - +0 chain mail
rPois   ∞          Reflect  .   (no helmet)
rElec   .          Harm     .   (no cloak)
rCorr   .          Rampage  .   (no gloves)
Will    .....                   (no boots)
Stlth   ..........              (no amulet)
HPRegen 0.09/turn               (no ring)
MPRegen 0.09/turn               (no ring)

@: glowing
A: cold resistance 1, negative energy resistance 3, torment resistance 2, heat
vulnerability 1, in touch with death 1, no potions
a: Renounce Religion, Fiery Armour, Foxfire Swarm, Rising Flame


You were on level 3 of the Dungeon.
You worshipped Ignis.
Ignis was extremely pleased with you.
You visited 1 branch of the dungeon, and saw 3 of its levels.

You collected 68 gold pieces.

Inventory:

Hand Weapons
 a - a +0 falchion of flaming (weapon)
Missiles
 j - 4 poisoned darts (quivered)
Armour
 b - a +0 robe
 h - an orb of light (worn)
 i - a +0 chain mail (worn)
Scrolls
 e - 4 scrolls of identify
 f - a scroll of magic mapping
Potions
 c - a potion of berserk rage {unknown}
 d - a potion of might {unknown}
 g - a potion of haste {unknown}


   Skills:
 + Level 3.5 Fighting
 + Level 2.7 Long Blades
 + Level 1.2 Dodging
 + Level 1.3 Spellcasting
 + Level 2.4 Fire Magic


You had 4 spell levels left.
You didn't know any spells.
Your spell library contained the following spells:

 Spells                   Type           Power      Damage    Failure   Level
 Scorch                   Fire           14%        2d6       95%         2


Dungeon Overview and Level Annotations

Branches:
Dungeon (2/15)

Altars:

Annotations:
D:3 Sigmund


Innate Abilities, Weirdness & Mutations

You are immune to poison.
Your flesh is cold resistant. (rC+)
You are immune to negative energy. (rN+++)
You are immune to unholy pain and torment.
You are vulnerable to heat. (rF-)
You are in touch with the powers of death.
You do not drink.


Message History

The ball python barely misses you.
The ball python bites you but does no damage.
The ball python grabs you. The ball python constricts you.
You escape the ball python's grasp.
You barely miss the ball python. The ball python barely misses you.
The ball python grabs you. The ball python constricts you.
The ball python bites you. The ball python constricts you.
You hit the ball python. You burn the ball python.
The ball python is heavily wounded.
The ball python barely misses you. The ball python constricts you.
You hit the ball python. You burn the ball python.
You kill the ball python!
You see here a ball python corpse.
There is a shaft here.
There is a shaft here.
You fall into a shaft and drop 1 floor!
The shaft crumbles and collapses.
Sigmund shouts!
Found a leather armour and a dyed leather armour.
Sigmund gestures at you while chanting. The magic dart hits you.
Sigmund casts a spell.
Sigmund flickers and vanishes!
Deactivating autopickup; reactivate with Ctrl-A.
Sigmund points at you and mumbles some strange words.
You are confused.
Found 18 gold pieces.
Sigmund casts a spell at you. The puff of flame hits you.
Found a stone staircase leading down.
Sigmund hits you but does no damage. Sigmund hits you but does no damage.
Sigmund casts a spell at you. The puff of flame hits you!
* * * LOW HITPOINT WARNING * * *
You feel less confused.
Sigmund screams, "Die, monster!"
Sigmund hits you from afar with a +0 scythe.
* * * LOW HITPOINT WARNING * * *
You hit Sigmund but do no damage. Sigmund hits you with a +0 scythe!
You die...

#.#. ##########
#.#.###........##
>...............
#....[.......#
#.......[....#
#............#
#..........$.#
#........#
#....@@..#
#.##.....# #
#.....# #######


You could see Sigmund (invisible).

Vanquished Creatures
  5 endoplasms (D:2)
  2 goblins
  3 hobgoblins
  2 quokkas (D:2)
  7 ball pythons
  6 bats
  A kobold (D:2)
  4 rats
30 creatures vanquished.

Vanquished Creatures (others)
  A plant (D:1)
1 creature vanquished.

Grand Total: 31 creatures vanquished

Notes
Turn   | Place    | Note
-------+----------+-------------------------------------------
     0 | D:1      | GigaChad the Mummy Cinder Acolyte began the quest for the
                  | Orb.
     0 | D:1      | Reached XP level 1. HP: 18/18 MP: 2/2
   886 | D:1      | Reached XP level 2. HP: 24/24 MP: 4/4
  1646 | D:2      | Reached skill level 1 in Dodging
  1687 | D:2      | Gained mutation: You are in touch with the powers of death.
                  | [Mummy growth]
  1687 | D:2      | Reached XP level 3. HP: 27/29 MP: 5/5
  1820 | D:2      | You fall into a shaft and drop 1 floor!
  1820 | D:3      | Noticed Sigmund
  1832 | D:3      | Slain by Sigmund

Illustrated notes

Levels and vault maps discovered:
D:1:      sevenhm_arrival_forest_fort_small_3, layout_loops_corners,
          kennysheep_boxes
D:2:      layout_basic
D:3:      layout_basic, fiery_altar_vehumet, uniq_sigmund

Skill      XL: |  1  2 |
---------------+-------+-----
Dodging        | 1 |  1.2
Fighting       | |  3.5
Long Blades    | |  2.7
Spellcasting   | |  1.3
Fire Magic     | |  2.4

Action                   || total
-------------------------++-------
Melee: Falchion          ||   104
       Punch             ||     1
  Use: Scroll            ||     5
Armor: Robe              ||    57
       Chain mail        ||    44
Dodge: Dodged            ||   149

Table legend: (Time is in decaauts)
 A = Elapsed time spent in this place.
 B = Non-inter-level travel time spent in this place.
 C = Inter-level travel time spent in this place.
 D = Time resting spent in this place.
 E = Time spent auto-exploring this place.
 F = Levels seen in this place.
 G = Mean time per level.
                   A        B        C        D        E       F      G
               +--------+--------+--------+--------+--------+-----+--------+
         Total |   1849 |   1847 |      2 |      0 |    955 |   3 |  616.3 |
       Dungeon |   1849 |   1847 |      2 |      0 |    955 |   3 |  616.3 |
               +--------+--------+--------+--------+--------+-----+--------+

Top non-repeatable levels by time:
     D:1: 1055 daAuts
     D:2: 781 daAuts
     D:3: 11 daAuts
